 Dungeon Crawl Stone Soup version 0.29.1-12-g30fa7ad0bf (webtiles) character file.

Game seed: 15086749985029422075

21 LustLizard the Chopper (level 2, -6/27 HPs)
             Began as a Minotaur Monk on Jan 4, 2023.
             Mangled by a gnoll
             ... wielding a +0 halberd
              (9 damage)
             ... on level 2 of the Dungeon.
             The game lasted 00:01:18 (908 turns).

LustLizard the Chopper (Minotaur Monk)               Turns: 908, Time: 00:01:19

Health: -6/27      AC:  4    Str: 15    XL:     2   Next: 62%
Magic:  1/1        EV: 12    Int:  7    God:
Gold:   81         SH:  0    Dex: 12    Spells: 1/1 levels left

rFire   . . .      SeeInvis .   h - +1 mace (protect)
rCold   . . .      Faith    .   (no shield)
rNeg    . . .      Spirit   .   b - +0 robe
rPois   .          Reflect  .   (helmet restricted)
rElec   .          Harm     .   (no cloak)
rCorr   .          Rampage  .   d - +0 pair of gloves
Will    .....                   i - +0 pair of boots
Stlth   ++........              (no amulet)
HPRegen 0.09/turn               (no ring)
MPRegen 0.07/turn               (no ring)

@: no status effects
A: horns 2, retaliatory headbutt
a: no special abilities


You were on level 2 of the Dungeon.
You visited 1 branch of the dungeon, and saw 2 of its levels.

You collected 81 gold pieces.

Inventory:

Hand Weapons
 a - a +0 hand axe
 h - a +1 mace of protection (weapon)
Armour
 b - a +0 robe (worn)
 d - a +0 pair of gloves (worn)
 i - a +0 pair of boots (worn)
Scrolls
 e - 2 scrolls of noise {unknown}
 f - a scroll of teleportation {unknown}
 g - a scroll of identify {unknown}
Potions
 c - a potion of ambrosia


   Skills:
 + Level 4.0 Fighting
 * Level 4.5 Axes
 - Level 3.2 Dodging
 - Level 1.5 Stealth


You had one spell level left.
You didn't know any spells.
Your spell library was empty.

Dungeon Overview and Level Annotations

Branches:
Dungeon (2/15)

Altars:


Innate Abilities, Weirdness & Mutations

You have a pair of horns on your head.
You reflexively headbutt those who attack you in melee.


Message History

Done exploring.
Done exploring.
There is an open door here.
There is an open door here.
There is an escape hatch in the floor here.
There is a stone staircase leading down here.
You climb downwards.
There is a stone staircase leading up here. 2 gnolls come into view.
The gnoll shouts! x2
A gnoll comes into view. It is wielding a +0 club.
The gnoll shouts!
You barely miss the gnoll. Your punch misses the gnoll.
The gnoll barely misses you.
The gnoll hits you from afar with a +0 halberd.
The gnoll hits you with a +0 flail!
You barely miss the gnoll. The gnoll barely misses you.
The gnoll hits you with a +0 flail.
You hit the gnoll.
Your weapon exudes an aura of protection.
The gnoll is heavily wounded.
The gnoll hits you with a +0 flail. The gnoll barely misses you.
You hit the gnoll but do no damage.
The gnoll is heavily wounded.
The gnoll misses you. The gnoll hits you but does no damage.
You hit the gnoll.
The gnoll is almost dead.
The gnoll barely misses you. The gnoll closely misses you.
The gnoll hits you with a +0 flail.
* * * LOW HITPOINT WARNING * * *
The gnoll closely misses you.
You hit the gnoll.
You kill the gnoll!
The gnoll hits you from afar with a +0 halberd.
* * * LOW HITPOINT WARNING * * *
Your Fighting skill increases to level 4!
Okay, then.
There is a stone staircase leading up here.
The gnoll hits you from afar with a +0 halberd!
You die...

... ###
#......
#...... ###
#...... #.#
#...... #@#
#...... #.#
#...... #g#
#...... #.#
#.# #g# #g#
#.# #.# #.#
#)#
#.##########.#
#....g.......#


You could see 2 gnolls.

Vanquished Creatures
  A gnoll (D:2)
  2 endoplasms (D:1)
  A giant cockroach (D:1)
  2 hobgoblins (D:1)
  2 ball pythons (D:1)
  A bat (D:1)
  A frilled lizard (D:1)
  A rat (D:1)
11 creatures vanquished.

Notes
Turn   | Place    | Note
-------+----------+-------------------------------------------
     0 | D:1      | LustLizard the Minotaur Monk began the quest for the Orb.
     0 | D:1      | Reached XP level 1. HP: 19/19 MP: 0/0
    26 | D:1      | Found a faded altar of an unknown god.
   266 | D:1      | You fall into a shaft and drop 1 floor!
   629 | D:1      | Reached XP level 2. HP: 27/27 MP: 1/1
   889 | D:2      | HP: 1/27 [gnoll/+0 halberd (5)]
   908 | D:2      | Mangled by a gnoll

Illustrated notes

Levels and vault maps discovered:
D:1:      dpeg_arrival_yet_another_circle, layout_basic, basic_ecumenical_altar
D:2:      layout_basic

Skill      XL: |  1  2 |
---------------+-------+-----
Axes           | 4 |  4.5
Fighting       | 4 |  4.0
Dodging        | |  3.2
Stealth        | |  1.5

Action                   || total
-------------------------++-------
Melee: Hand axe          ||    11
       Mace              ||    15
       Headbutt          ||     4
       Punch             ||     1
 Stab: Sleeping          ||     2
Armor: Robe              ||     6
Dodge: Dodged            ||    14
